 Dungeon Crawl Stone Soup version 0.28-a0-664-gc179e30c89 (webtiles) character file.

Game seed: 5720186065130237510

298 cheechan the Cudgeller (level 6, 0/43 HPs)
             Began as an Octopode Berserker on Oct 15, 2021.
             Was a Priest of Trog.
             Slain by a bullfrog (4 damage)
             ... in a sewer.
             The game lasted 00:19:56 (4927 turns).

cheechan the Cudgeller (Octopode Berserker)         Turns: 4927, Time: 00:19:57

Health: 0/43       AC:  1    Str: 16    XL:     6   Next: 36%
Magic:  6/6        EV: 14    Int: 10    God:    Trog [***...]
Gold:   81         SH:  0    Dex: 13    Spells: 5/5 levels left

rFire   . . .      SeeInvis .   b - +1 whip
rCold   . . .      Faith    .   (no shield)
rNeg    . . .      Spirit   .   (helmet restricted)
rPois   .          Reflect  .   (no amulet)
rElec   .          Harm     .   (no ring)
rCorr   .          Rampage  .   (no ring)
Will    .....                   (no ring)
Stlth   ++++......              (no ring)
HPRegen 0.14/turn               (no ring)
MPRegen 0.10/turn               (no ring)
                                (no ring)
                                (no ring)

@: on berserk cooldown, slowed, very slow
A: almost no armour, amphibious, 8 rings, camouflage 1, gelatinous body 1,
nimble swimmer 1, tentacles
a: Renounce Religion, Berserk, Trog's Hand


You were in a sewer.
You worshipped Trog.
Trog was most pleased with you.
You visited 1 branch of the dungeon, and saw 4 of its levels.
You also visited: Sewer.

You collected 81 gold pieces.

Inventory:

Hand Weapons
 a - a +0 mace
 b - a +1 whip (weapon)
 n - a +2 dagger of venom
Missiles
 c - 105 stones (quivered)
 e - 27 bolts
 g - 61 sling bullets
Scrolls
 k - a scroll of teleportation
Potions
 d - 2 potions of berserk rage
 f - 2 potions of cancellation
 h - a potion of curing
 i - 2 potions of flight
 j - 2 potions of haste {unknown}
 m - a potion of heal wounds {unknown}


   Skills:
 + Level 4.0 Fighting
 + Level 4.9 Maces & Flails
 + Level 4.1 Dodging
 + Level 3.3 Stealth


You had 5 spell levels left.
You didn't know any spells.
Your spell library was empty.

Dungeon Overview and Level Annotations

Branches:
Dungeon (4/15)              Sewer (1/1)
 Temple: D:4-7

Altars:
Cheibriados
Fedhas
The Shining One


Innate Abilities, Weirdness & Mutations

You cannot wear most types of armour.
You are amphibious.
You can wear up to eight rings at the same time.
Your skin changes colour to match your surroundings (Stealth+).
Your rubbery body absorbs attacks. (AC +1, EV +1)
You are camouflaged near water. (Stealth+)
You have tentacles for arms and can constrict up to eight enemies at once.


Message History

You whack the giant cockroach!
You kill the giant cockroach!
Trog accepts your kill. The bullfrog closely misses you.
The giant cockroach closely misses you.
The frilled lizard bites you but does no damage.
You are no longer berserk.
You are exhausted.
You feel yourself slow down. The giant cockroach misses you.
The bullfrog closely misses you.
Things that are here:
a giant cockroach corpse; a giant cockroach corpse You hit the frilled lizard.
Your grab misses the frilled lizard. Your squeeze misses the frilled lizard.
The frilled lizard is heavily wounded.
The bullfrog closely misses you. The frilled lizard bites you.
The giant cockroach barely misses you. The bullfrog barely misses you.
You hit the frilled lizard.
You kill the frilled lizard!
Trog accepts your kill. The giant cockroach barely misses you.
The bullfrog closely misses you. The giant cockroach closely misses you.
The bullfrog barely misses you.
You closely miss the giant cockroach. You grab the giant cockroach.
You squeeze the giant cockroach.
You kill the giant cockroach!
Trog accepts your kill. The bullfrog hits you.
The bullfrog hits you but does no damage.
The bullfrog hits you. The bullfrog misses you. The bullfrog hits you!
* * * LOW HITPOINT WARNING * * *
The bullfrog barely misses you.
You hit the bullfrog. Your grab misses the bullfrog.
The bullfrog is moderately wounded.
The bullfrog misses you. x2
You hit the bullfrog. Your grab misses the bullfrog.
The bullfrog is moderately wounded.
The bullfrog hits you.
* * * LOW HITPOINT WARNING * * *
The bullfrog hits you.
You die...

#.≈#≈#≈≈.##≈≈≈≈≈≈≈##≈.#≈≈#
#≈≈#≈#∩≈.#≈....≈≈≈≈#≈.#≈≈#
#≈≈#≈#≈≈≈#≈≈≈≈..≈≈≈#≈.#≈.#
#≈†#.##.≈#≈≈≈≈.$≈≈≈#≈.#.≈#
#†≈#≈.#†≈#≈.≈≈?:.≈≈#≈≈#≈.#
#≈≈#≈≈#..#≈≈≈.?..≈≈#≈†#≈≈#
#≈≈≈.≈#..##...$.≈≈##≈.#≈≈#
#≈≈≈≈≈#.≈≈.†F..≈≈≈#≈≈##≈.#
#≈≈≈≈≈###≈≈.@≈≈≈≈##≈≈#≈≈.#
#######≈###≈.≈≈≈##†≈≈#..##
#.≈÷.≈#######≈≈≈##≈≈#
#≈≈÷÷≈≈≈≈≈.≈≈≈.≈#≈†≈#
##≈≈##≈..≈≈≈≈≈≈##.≈##
##≈≈##.≈≈≈≈.≈##.≈≈#
#≈.≈###≈≈≈###≈≈≈≈#
#.≈≈≈≈#####≈≈.≈≈##
##≈≈≈≈≈≈≈†≈≈..≈##


You could see a bullfrog.

Vanquished Creatures
  A bullfrog (Sewer)
  Terence (D:3)
  Robin (D:3)
  2 gnolls (D:1)
  4 adders
  3 worms
  2 dart slugs
  A bat (D:2)
  10 endoplasms
  14 giant cockroaches
  12 goblins
  7 hobgoblins
  10 jackals
  4 kobolds
  18 quokkas
  11 ball pythons
  12 frilled lizards
  7 rats
120 creatures vanquished.

Vanquished Creatures (others)
  5 plants
5 creatures vanquished.

Grand Total: 125 creatures vanquished

Notes
Turn   | Place    | Note
-------+----------+-------------------------------------------
     0 | D:1      | cheechan the Octopode Berserker began the quest for the
                  | Orb.
     0 | D:1      | Reached XP level 1. HP: 16/16 MP: 1/1
   229 | D:1      | Reached XP level 2. HP: 21/21 MP: 2/2
   800 | D:1      | Reached XP level 3. HP: 21/26 MP: 3/3
   880 | D:1      | Found a faded altar of an unknown god.
   889 | D:1      | Reached skill level 1 in Stealth
  1218 | D:2      | Reached XP level 4. HP: 22/31 MP: 4/4
  1316 | D:2      | Reached ** piety under Trog
  2790 | D:3      | Noticed Terence
  2832 | D:3      | Found a blossoming altar of Fedhas.
  2833 | D:3      | HP: 1/31 [goblin[Robin] (3)]
  2845 | D:3      | Killed Terence
  2846 | D:3      | Reached XP level 5. HP: 27/36 MP: 5/5
  3054 | D:3      | Found a snail-covered altar of Cheibriados.
  3515 | D:3      | Found a glowing golden altar of the Shining One.
  3603 | D:3      | Noticed Robin
  3613 | D:3      | Killed Robin
  3901 | D:4      | Found a glowing drain.
  3995 | Sewer    | Entered a sewer
  4193 | Sewer    | Reached *** piety under Trog
  4912 | Sewer    | Reached XP level 6. HP: 43/43 MP: 6/6
  4927 | Sewer    | Slain by a bullfrog

Illustrated notes

Levels and vault maps discovered:
D:1:      scummos_arrival_simple_crosswalls, layout_loops_ring,
          ebering_ecumenical_altar_mist
D:2:      layout_basic, serial_bayou_lake_a
D:3:      layout_basic, fedhas_altar_2, tso_oasis_becter, slow_altar_1,
          uniq_robin, uniq_terence
D:4:      layout_gridville, kennysheep_orc_sif_temple, serial_shops,
          nicolae_shop_competitors_out_of_business, nicolae_diamond_shop,
          portal_sewer_entry_b, hangedman_decor_opposing,
          nicolae_take_the_stairs
Sewer:    sewer_frog_island_02

Skill      XL: |  1  2  3  4  5  6 |
---------------+-------------------+-----
Stealth        | 1 2 3 |  3.3
Maces & Flails | 4 |  4.9
Dodging        | 4 |  4.1
Fighting       | 4 |  4.0

Action                   |  1- 3 |  4- 6 || total
-------------------------+-------+-------++-------
Melee: Whip              |    49 |   199 ||   248
       Constrict         |    15 |    55 ||    70
       Mace              |     2 |       ||     2
       Tentacles         |     8 |    36 ||    44
Invok: Berserk           |       |     5 ||     5
       Trog's Hand       |       |     2 ||     2
  Use: Scroll            |     5 |     3 ||     8
       Potion            |       |     1 ||     1
 Stab: Sleeping          |     5 |     6 ||    11
Armor: Skin              |     1 |    17 ||    18
Dodge: Dodged            |    31 |   207 ||   238

Table legend: (Time is in decaauts)
 A = Elapsed time spent in this place.
 B = Non-inter-level travel time spent in this place.
 C = Inter-level travel time spent in this place.
 D = Time resting spent in this place.
 E = Time spent auto-exploring this place.
 F = Levels seen in this place.
 G = Mean time per level.
                   A        B        C        D        E       F      G
               +--------+--------+--------+--------+--------+-----+--------+
         Total |   4936 |   4936 |      0 |   1768 |      0 |   5 |  987.2 |
       Dungeon |   4017 |   4017 |      0 |   1115 |      0 |   4 | 1004.2 |
         Sewer |    919 |    919 |      0 |    653 |      0 |   1 |  919.0 |
               +--------+--------+--------+--------+--------+-----+--------+

Top non-repeatable levels by time:
     D:3: 1617 daAuts
     D:2: 1249 daAuts
     D:1: 1044 daAuts
   Sewer: 919 daAuts
     D:4: 106 daAuts
